 Dungeon Crawl Stone Soup version 0.18.1-48-g4cf74bf (webtiles) character file.

182 nikopol the Skirmisher (level 5, -3/47 HPs)
             Began as a Minotaur Berserker on Sept 3, 2016.
             Was a Priest of Trog.
             Killed by divine providence
             ... invoked by an orc priest
              (14 damage)
             ... on level 3 of the Dungeon.
             The game lasted 00:04:30 (2620 turns).

nikopol the Skirmisher (Minotaur Berserker)         Turns: 2620, Time: 00:04:31

Health: -3/47      AC:  4    Str: 21    XL:     5   Next: 35%
Magic:  4/4        EV: 12    Int:  4    God:    Trog [***...]
Gold:   58         SH:  0    Dex: 11    Spells: 0 memorised, 4 levels left

rFire  . . .     SeeInvis .     a - +0 hand axe
rCold  . . .     Gourm    .     e - +0 leather armour
rNeg   . . .     Faith    .     (no shield)
rPois  .         Spirit   .     (helmet restricted)
rElec  .         Dismiss  .     (no cloak)
rCorr  .         Reflect  .     m - +0 pair of gloves
SustAt .         Harm     .     (no boots)
MR     .....                    (no amulet)
Stlth  +.........               (no ring)
                                (no ring)

@: not resistant to hostile enchantments, very unstealthy
A: retaliatory headbutt, horns 2
a: Berserk, Trog's Hand, Burn Spellbooks, Renounce Religion


You were on level 3 of the Dungeon.
You worshipped Trog.
Trog was most pleased with you.
You were not hungry.

You visited 1 branch of the dungeon, and saw 3 of its levels.

You collected 58 gold pieces.

Inventory:

Hand Weapons
 a - a +0 hand axe (weapon)
Missiles
 r - 22 arrows (quivered)
Armour
 b - a +0 animal skin
 e - a +0 leather armour (worn)
 m - a +0 pair of gloves (worn)
Scrolls
 d - 5 scrolls of fear {unknown}
 f - a scroll of fog {unknown}
 h - a scroll of noise {unknown}
 i - 2 scrolls of blinking {unknown}
 j - 2 scrolls of recharging {unknown}
 k - 2 scrolls of remove curse {unknown}
 l - 2 scrolls of teleportation {unknown}
 o - a scroll of amnesia {unknown}
 v - a scroll of enchant armour {unknown}
Potions
 p - 3 potions of ambrosia {unknown}
 s - 2 potions of curing {unknown}
 u - a potion of invisibility {unknown}
 w - a potion of degeneration {unknown}
 x - a potion of brilliance {unknown}
Comestibles
 c - 3 bread rations
 g - 2 meat rations
 n - 3 fruits
 q - 3 chunks of flesh
 t - a beef jerky


   Skills:
 + Level 4.9 Fighting
 + Level 4.8 Axes
 + Level 4.0 Armour
 + Level 3.3 Dodging


You had 4 spell levels left.
You didn't know any spells.

Dungeon Overview and Level Annotations

Branches:
Dungeon (3/15)

Altars:
Makhleb
Xom


Innate Abilities, Weirdness & Mutations

You reflexively headbutt those who attack you in melee.
You have a pair of horns on your head.


Message History

Pain shoots through your body! The orc closely misses you.
The orc priest calls down the wrath of Beogh upon you.
Beogh smites you!
* * * LOW HITPOINT WARNING * * *
You are too injured to fight recklessly!
You are too injured to fight recklessly!
You are too injured to fight recklessly!
The orc hits you with a trident.
* * * LOW HITPOINT WARNING * * *
The orc priest closely misses you.
You hit the orc priest. Your headbutt misses the orc priest.
The orc priest is lightly wounded.
You hit the orc.
The orc is almost dead.
The orc closely misses you. You furiously retaliate!
You headbutt the orc!
You kill the orc!
Trog accepts your kill.
The orc priest mumbles some strange prayers to Beogh against you.
Beogh smites you!
You die...

## ## ###. .#### ...#....#
#### #.o)# .#
#.....###@###.# #.#
#...<.)...# #.#
#####.##..# ##### #.#
#.##..####.# #...####.#
#..........# #.....##.#
####..#####
....#.##.##########..#
.................##..###..
.#.######................#


You could see an orc priest.

Vanquished Creatures
  Natasha (thrice) (D:2 D:3)
  2 adders (D:2)
  4 worms (D:2)
  4 dart slugs
  2 giant geckos
  3 orcs (D:3)
  3 giant cockroaches
  7 goblins
  12 hobgoblins
  4 jackals
  7 bats
  6 giant newts
  3 kobolds (D:2)
  7 rats
  3 plants (D:1)
70 creatures vanquished.

Notes
Turn   | Place    | Note
--------------------------------------------------------------
     0 | D:1      | nikopol the Minotaur Berserker began the quest for the Orb.
     0 | D:1      | Reached XP level 1. HP: 19/19 MP: 0/0
   138 | D:1      | Reached XP level 2. HP: 24/27 MP: 1/1
   436 | D:1      | Reached XP level 3. HP: 23/33 MP: 2/2
   569 | D:1      | Reached ** piety under Trog
  1273 | D:2      | Found a faded altar to an unknown god.
  1489 | D:2      | Found a shimmering altar of Xom.
  1704 | D:2      | Noticed Natasha
  1710 | D:2      | Killed Natasha
  1710 | D:2      | Reached XP level 4. HP: 16/41 MP: 3/3
  1939 | D:2      | Found a burning altar of Makhleb.
  1999 | D:2      | Reached *** piety under Trog
  2014 | D:2      | Noticed Natasha
  2025 | D:2      | Killed Natasha
  2373 | D:2      | Reached XP level 5. HP: 47/47 MP: 4/4
  2560 | D:3      | Noticed Natasha
  2564 | D:3      | Killed Natasha
  2620 | D:3      | Killed from afar by an orc priest

Skill      XL: |  1  2  3  4  5 |
---------------+----------------+-----
Armour         | 3 4 |  4.0
Axes           | 4 |  4.8
Fighting       | 4 |  4.9
Dodging        | 3 |  3.3

Action                   |  1- 3 |  4- 6 || total
-------------------------+-------+-------++-------
Melee: Hand axe          |   197 |    50 ||   247
       Headbutt          |    39 |     8 ||    47
Invok: Berserk           |     1 |       ||     1
 Stab: Sleeping          |     1 |       ||     1
  Eat: Chunk             |     3 |     4 ||     7
Armor: Leather armour    |    18 |    10 ||    28
Dodge: Dodged            |    33 |    39 ||    72
